[Event "Early-Titled-Tuesday-Blitz-May-07-2024"]
[Site "Chess.com"]
[Date "2024.05.07"]
[Round "8"]
[White "Chesmc"]
[Black "jaramsdal"]
[Result "1-0"]
[WhiteElo "2157"]
[BlackElo "2401"]
[TimeControl "180+1"]
[EndTime "9:34:12 PDT"]
[Termination "Chesmc won by checkmate"]

1. d4 Nf6 2. Nf3 c5 3. Bf4 cxd4 4. c3 dxc3 5. Nxc3 d6 6. e4 Nc6 7. Bc4 e6 8. Qe2 Ke7 9. O-O Nh5 10. Be3 g6 11. Rfd1 Bg7 12. Nb5 Qa5 13. Nxd6 Rd8 14.
Nxc8+ Raxc8 15. a3 Kf8 16. Rac1 Kg8 17. Bg5 Rxd1+ 18.
Rxd1 Nd4 19. Nxd4 Qxg5 20. Nxe6 Qe5 21. Nxg7 Kxg7 22. Ba2 Nf4 23. Qf3 Rc2 24. Qb3 Qxb2 25. Qxf7+ Kh6 26. Qxf4+ Kg7 27. Bb1 Re2 28. Rd7+ Kh8 29.
Qf8# 1-0

[Event "Early-Titled-Tuesday-Blitz-May-07-2024"]
[Site "Chess.com"]
[Date "2024.05.07"]
[Round "8"]
[White "Msb2"]
[Black "DanielDardha2005"]
[Result "1-0"]
[WhiteElo "3038"]
[BlackElo "2882"]
[TimeControl "180+1"]
[EndTime "9:34:13 PDT"]
[Termination "Msb2 won by resignation"]

1. d4 d5 2. c4 dxc4 3. e4 e5 4. Nf3 exd4 5. Bxc4 Nc6 6. O-O Be6 7. Nbd2 Qf6 8. a3 Bxc4 9. Nxc4 Qe6 10. Qd3 Nf6 11. Re1 O-O-O 12. b4 Ng4 13. Bf4 f6 14. Rac1 Nge5 15.
Bxe5 Nxe5 16. Ncxe5 fxe5 17. Ng5 Qd7 18. Qc4 Bd6 19. Nf7 Kb8 20. Nxh8 Rxh8 21. Qd5 c6 22. Qb3 Rf8 23. Qd3 g5 24. Rb1 g4 25. a4 h5 26. Rf1 Qg7 27. Qb3 Qg6 28. b5 c5 29. Qd5 Rd8 30. a5 Qf6 31. a6 Qe7 32. b6 bxa6 33. Qc6 Qd7 34. bxa7+ Kxa7 35. Qb6+ Ka8 36.
Qxa6+ 1-0

[Event "Early-Titled-Tuesday-Blitz-May-07-2024"]
[Site "Chess.com"]
[Date "2024.05.07"]
[Round "8"]
[White "jcibarra"]
[Black "ChainedDowntohell"]
[Result "1-0"]
[WhiteElo "2924"]
[BlackElo "2586"]
[TimeControl "180+1"]
[EndTime "9:34:13 PDT"]
[Termination "jcibarra won on time"]

1. Nf3 d5 2. g3 Bg4 3. Bg2 c6 4.
O-O e6 5. c4 Nd7 6. cxd5 exd5 7.
d3 Bc5 8. Nc3 Ngf6 9. Qb3 Qb6 10. Qc2 Bd6 11. h3 Bxf3 12. Bxf3 h5 13. Na4 Qd4 14. e4 h4 15. Be3 Qe5 16. d4 Qe6 17. e5 hxg3 18. exd6 Qxh3 19. fxg3 Ng4 20. Qg2 Nxe3 21. Qxh3 Rxh3 22. Rae1 Rxg3+ 23. Kf2 Rg6 24. Rxe3+ Kf8 25. Re7 Rxd6 26. Re3 b6 27. Rh1 Nf6 28. Rh8+ Ng8 29. Nc3 g6 30. Rh7 Rad8 31. b4 Rf6 32. Ke2 Rf4 33. Kd3 a6 34. Na4 b5 35. Nc5 Rd6 36.
Nxa6 Nf6 37. Rh8+ Kg7 38. Rh1 Rd7 39. Rc1 Ra7 40. Rxc6 g5 41. Rb6 Ra8 42. Bg2 Ra7 43.
Rf3 Rg4 44. Bh3 Rh4 45. Rbxf6 g4 46. R6f4 1-0

[Event "Early-Titled-Tuesday-Blitz-May-07-2024"]
[Site "Chess.com"]
[Date "2024.05.07"]
[Round "8"]
[White "RodTwinkz"]
[Black "viktorgen2021"]
[Result "1-0"]
[WhiteElo "2671"]
[BlackElo "2501"]
[TimeControl "180+1"]
[EndTime "9:34:13 PDT"]
[Termination "RodTwinkz won by resignation"]

1. e4 g6 2. Nc3 Bg7 3. f4 d6 4. Nf3 Nf6 5. Bc4 O-O 6. Bb3 c6 7. O-O d5 8. e5 Ne8 9. d4 f6 10.
Ne2 Nc7 11. c3 c5 12. Be3 Nc6 13. exf6 exf6 14. dxc5 Re8 15. Bf2 Be6 16. Ned4 Bf7 17. f5 Qd7 18. Bc2 Ne5 19. b4 Nc4 20. Bd3 Rad8 21. Qc2 Ne5 22. h3 Nxd3 23. Qxd3 Re7 24. b5 Rde8 25. c6 Qc8 26. a4 Bh6 27. Rfe1 Bf4 28. Rxe7 Rxe7 29. Re1 Bd6 30. Rxe7 Bxe7 31. cxb7 Qxb7 32. Nc6 Bd6 33. Nxa7 Ne8 34. Nc6 Ng7 35. Nd8 Nxf5 36. Nxb7 1-0

[Event "Early-Titled-Tuesday-Blitz-May-07-2024"]
[Site "Chess.com"]
[Date "2024.05.07"]
[Round "8"]
[White "wild3000"]
[Black "giovannibrandao7"]
[Result "0-1"]
[WhiteElo "2496"]
[BlackElo "2326"]
[TimeControl "180+1"]
[EndTime "9:34:13 PDT"]
[Termination "giovannibrandao7 won by checkmate"]

1. d4 Nf6 2. Nf3 g6 3. g3 Bg7 4. Bg2 O-O 5. O-O d5 6. c3 c6 7. Nbd2 Bf5 8. Re1 Nbd7 9. Ne5 Nxe5 10. dxe5 Nd7 11. f4 f6 12. e4 dxe4 13. Qb3+ Kh8 14. exf6 Nxf6 15. Qxb7 e3 16. Rxe3 Ng4 17. Re1 Bd4+ 18. Kh1 Nf2+ 19. Kg1 Nd3+ 20. Kf1 Nxe1 21. Kxe1 Bb6 22. Qxc6 Rc8 23. Qd5 Qc7 24. Nb3 Rfd8 25. Qe5+ Qxe5+ 26. fxe5 Bc2 27. Bg5 Bxb3 28. axb3 Rc5 29.
Bf4 g5 30. b4 Rb5 31. Bc6 gxf4 32. Bxb5 fxg3 33. hxg3 Rd5 34. Be2 Rxe5 35. Kf1 Re3 36. g4 Rg3 37. Rd1 Rg1# 0-1

[Event "Early-Titled-Tuesday-Blitz-May-07-2024"]
[Site "Chess.com"]
[Date "2024.05.07"]
[Round "8"]
[White "IM_ArthurDW08"]
[Black "Pedrada88"]
[Result "1-0"]
[WhiteElo "2732"]
[BlackElo "2556"]
[TimeControl "180+1"]
[EndTime "9:34:15 PDT"]
[Termination "IM_ArthurDW08 won by resignation"]

1. e4 c5 2. Nc3 Nc6 3. g3 g6 4. Bg2 Bg7 5. Nge2 Rb8 6. O-O b5 7. d3 e6 8. Be3 b4 9. Na4 d6 10. d4 cxd4 11. Nxd4 Bd7 12. c4 bxc3 13. Nxc3 Rxb2 14.
Ncb5 Qb8 15. Nxc6 Qxb5 16. Nxa7 Qa6 17. Bd4 Kf8 18. Bxg7+ Kxg7 19. Qd4+ e5 20. Qxb2 Qxa7 21. Rfd1 Qa6 22. Qb4 Nf6 23. Qxd6 Qa5 24. Qd2 Qa4 25. Qb2 Re8 26. a3 Bc6 27. Qb4 Ra8 28. Qxa4 Rxa4 29. f3 g5 30. Rac1 Ba8 31. Rc5 g4 32. Rxe5 gxf3 33.
Bxf3 Rxa3 34. Rg5+ Kh6 35. Rf5 Nxe4 36. Rxf7 Nxg3 37. Bxa8 Ne2+ 38. Kf2 Ra2 39. Rd6+ Kg5 40. Bd5 Nf4+ 41. Bxa2 h5 42. Rxf4 Kxf4 43. Rd4+ Kg5 44.
Ke3 1-0

[Event "Early-Titled-Tuesday-Blitz-May-07-2024"]
[Site "Chess.com"]
[Date "2024.05.07"]
[Round "8"]
[White "Kacparov"]
[Black "Rud_Makarian"]
[Result "1-0"]
[WhiteElo "2919"]
[BlackElo "3040"]
[TimeControl "180+1"]
[EndTime "9:34:18 PDT"]
[Termination "Kacparov won by resignation"]

1. e4 c5 2. Nf3 d6 3. d4 cxd4 4. Nxd4 Nf6 5. f3 a6 6. c4 b6 7. Nc3 e6 8. Be3 Be7 9. Be2 Bb7 10. Qd2 O-O 11. O-O Qc7 12. Rfc1 Nbd7 13. a4 Rab8 14. b4 Rfe8 15. Nb3 Qd8 16. a5 bxa5 17. Nxa5 Ba8 18.
b5 axb5 19. cxb5 Rc8 20. Na4 d5 21. Rxc8 Qxc8 22. Rc1 Qb8 23. Nc6 Qb7 24. e5 Nh5 25. g4 Nxe5 26. Nxe5 Nf6 27. Nc6 d4 28. Nxe7+ Qxe7 29. Qxd4 Nd5 30. Nb6 Nxb6 31. Qxb6 h5 32. Qc5 Qf6 33.
Qxh5 Bd5 34. Kf2 Ra8 35. Qg5 Qb2 36. Rd1 f6 37. Qf4 Qb3 38. Qd4 Ra2 39. Rd2 Ra4 40. Qd3 Qb4 41. Qc2 Ra3 42. Qc8+ Kh7 43. Bd3+ Rxd3 44. Rxd3 Qxb5 45. Rd2 Qb3 46. Qc2+ 1-0

[Event "Early-Titled-Tuesday-Blitz-May-07-2024"]
[Site "Chess.com"]
[Date "2024.05.07"]
[Round "8"]
[White "Chess23Wizzard"]
[Black "mbojan"]
[Result "0-1"]
[WhiteElo "2682"]
[BlackElo "2903"]
[TimeControl "180+1"]
[EndTime "9:34:18 PDT"]
[Termination "mbojan won by resignation"]

1. Nf3 a6 2. e4 e6 3. d4 d5 4. exd5 exd5 5. Bd3 Bd6 6. O-O Ne7 7. Re1 Nc6 8. c3 O-O 9. Nbd2 Bf5 10. Nf1 Qd7 11. Ng3 Bxd3 12. Qxd3 f6 13. Bd2 Rae8 14. Re2 Bxg3 15. hxg3 Qf5 16. Qe3 Qd7 17. Rae1 Kf7 18.
Qd3 Ng6 19. Bf4 Rxe2 20. Rxe2 Re8 21. Rxe8 Kxe8 22. Nh4 Nf8 23. Nf5 Ne7 24. Nxg7+ Kf7 25. Nh5 c6 26. Bd2 Qf5 27. Qxf5 Nxf5 28. Nf4 Nd6 29.
b3 Ng6 30. f3 Nc8 31. Kf2 Nce7 32. g4 Nc8 33. Nd3 Nd6 34. g5 f5 35. Nf4 Nxf4 36. Bxf4 Nc8 37. Bd2 Ne7 38. Kg3 Ng6 39. Kh3 Ke6 40.
g3 Kd7 41. f4 Ke6 42. Kg2 Ne7 43. Kf3 Nc8 44. g4 Nd6 45. Be1 Ne4 46. c4 dxc4 47.
bxc4 Nd6 48. c5 Nb5 49. gxf5+ Kxf5 50. Ke3 Nc7 51. Kf3 Ne6 0-1

[Event "Early-Titled-Tuesday-Blitz-May-07-2024"]
[Site "Chess.com"]
[Date "2024.05.07"]
[Round "8"]
[White "Evan_Attaker"]
[Black "Artemiki"]
[Result "1/2-1/2"]
[WhiteElo "2625"]
[BlackElo "2500"]
[TimeControl "180+1"]
[EndTime "9:34:18 PDT"]
[Termination "Game drawn by repetition"]

1. Nf3 c5 2. c4 Nc6 3. d4 cxd4 4.
Nxd4 Nf6 5. g3 e5 6. Nc2 d5 7.
cxd5 Nxd5 8. Bg2 Be6 9. O-O Bc5 10. a3 O-O 11. b4 Bb6 12. Bb2 Rc8 13. b5 Na5 14. Bxe5 Qg5 15. Bd4 Nb3 16. Ra2 Rxc2 17. Rxc2 Nxd4 18. Rd2 Qe5 19. e3 Nxe3 20. fxe3 Nf5 21. Kh1 Nxe3 22. Qe2 Bc4 23. Qf3 Nxf1 24. Bxf1 Bxf1 25. Qxf1 Qe4+ 26. Rg2 Rc8 27. Nd2 Qd5 28. h3 Rc2 29. Nf3 Rc3 30. Nh4 Rxg3 31. Kh2 Rc3 32. Qe1 Bc7+ 33. Kg1 Qc5+ 34. Kf1 Rxh3 35.
Qe8+ Qf8 36. Rxg7+ Kxg7 37. Nf5+ Kg8 38. Ne7+ Kg7 39.
Nf5+ Kg8 40. Ne7+ Kg7 41. Nf5+ 1/2-1/2

[Event "Early-Titled-Tuesday-Blitz-May-07-2024"]
[Site "Chess.com"]
[Date "2024.05.07"]
[Round "8"]
[White "Jojo_898"]
[Black "Aminazinas"]
[Result "1-0"]
[WhiteElo "2449"]
[BlackElo "2621"]
[TimeControl "180+1"]
[EndTime "9:34:20 PDT"]
[Termination "Jojo_898 won by resignation"]

1. e4 e5 2. Nf3 Nc6 3. Bc4 Nf6 4. d3 Be7 5. O-O O-O 6. h3 d6 7. a4 Be6 8. Nbd2 Qd7 9. Re1 Rad8 10. c3 h6 11. b4 a5 12. b5 Nb8 13. d4 exd4 14.
Bxe6 fxe6 15. cxd4 d5 16. e5 Ne8 17. Nf1 c6 18.
Qd3 Nc7 19. b6 Na8 20. Bd2 c5 21. Bxa5 c4 22. Qd2 Nc6 23. Reb1 Nxa5 24. Qxa5 Qc6 25. Qb5 Qxb5 26. Rxb5 Rc8 27. a5 c3 28. Ne3 Rc6 29.
Nc2 g5 30. Nfe1 Rfc8 31. Nd3 Kf7 32. Kf1 Ke8 33. Ke2 Kd7 34. Rb3 Rc4 35. Kf3 h5 36. Ke2 R4c6 37. g3 Rf8 38. f4 h4 39.
gxh4 gxf4 40. Kf3 Bxh4 41. Kg4 Be7 42. Nxf4 Rg8+ 43. Kf3 Rh8 44. Kg3 Rcc8 45. Kh2 Rcf8 46. Ng6 Rf2+ 47. Kg1 Rhf8 48. Nxf8+ Rxf8 49. Rxc3 Bd8 50. Rf1 Rg8+ 51. Kh2 Bxb6 52. axb6 Nxb6 53. Rf7+ Kd8 54.
Rxb7 Nc4 55. Rb8+ 1-0

[Event "Early-Titled-Tuesday-Blitz-May-07-2024"]
[Site "Chess.com"]
[Date "2024.05.07"]
[Round "8"]
[White "Genghis_K"]
[Black "GMBenjaminBok"]
[Result "1/2-1/2"]
[WhiteElo "2932"]
[BlackElo "3052"]
[TimeControl "180+1"]
[EndTime "9:34:21 PDT"]
[Termination "Game drawn by repetition"]

1. e4 e5 2. Nf3 Nc6 3. d4 exd4 4. Nxd4 Nf6 5. Nxc6 bxc6 6. Bd3 d5 7. exd5 cxd5 8.
O-O Be7 9. c4 d4 10. Nd2 O-O 11. Ne4 Bb7 12. Nxf6+ Bxf6 13. b4 Re8 14. Qg4 g6 15.
Bh6 a5 16. b5 Qd6 17. Rfe1 Bg7 18. Bf4 Qb4 19. Red1 Qc5 20. h4 Be5 21. Qg5 Qd6 22. Bd2 Bf6 23. Qg4 h5 24. Qf4 Be5 25. Qg5 Kg7 26.
Qh6+ Kg8 27. Re1 a4 28. a3 Bg7 29. Rxe8+ Rxe8 30. Qf4 Be5 31. Qg5 Bf6 32. Qf4 Be5 33.
Qg5 Bf6 34. Qf4 Qd8 35. Ba5 Be5 36. Qg5 Bf6 37. Qf4 Be5 38. Qg5 Bf6 39. Qf4 1/2-1/2

[Event "Early-Titled-Tuesday-Blitz-May-07-2024"]
[Site "Chess.com"]
[Date "2024.05.07"]
[Round "8"]
[White "NM_Antelacus"]
[Black "Groetzi"]
[Result "0-1"]
[WhiteElo "2262"]
[BlackElo "2405"]
[TimeControl "180+1"]
[EndTime "9:34:23 PDT"]
[Termination "Groetzi won on time"]

1. e4 c5 2. Nc3 Nc6 3. g3 g6 4.
Bg2 Bg7 5. d3 e6 6. f4 Nge7 7.
Nf3 d6 8. O-O O-O 9. h3 Rb8 10.
a4 a6 11. g4 b5 12. axb5 axb5 13. Ne2 f5 14. Ng3 Qb6 15. Kh1 Bd7 16. c3 Ra8 17.
Be3 b4 18. Qd2 bxc3 19. bxc3 Qb3 20. d4 cxd4 21. cxd4 fxe4 22. Nxe4 Nd5 23. Bg1 Rxa1 24. Rxa1 Nxf4 25. Rf1 Qd5 26. Nc3 Qc4 27. Ne4 Qd5 28.
Nc3 Qb3 29. Ne4 Nb4 30. Nxd6 Bc6 31. Qe3 Qd5 32. Qe5 Bxe5 0-1

[Event "Early-Titled-Tuesday-Blitz-May-07-2024"]
[Site "Chess.com"]
[Date "2024.05.07"]
[Round "8"]
[White "Aygehovit1992"]
[Black "Lestofante90"]
[Result "0-1"]
[WhiteElo "2857"]
[BlackElo "2976"]
[TimeControl "180+1"]
[EndTime "9:34:24 PDT"]
[Termination "Lestofante90 won on time"]

1. e4 c6 2. d4 d5 3. e5 Bf5 4. Nf3 e6 5. Be2 Nd7 6. O-O a5 7. Re1 a4 8. Nbd2 a3 9. c4 Bb4 10. cxd5 cxd5 11. Bb5 Ne7 12. Nh4 O-O 13. Re3 axb2 14.
Bxb2 Nb6 15. Nxf5 Nxf5 16. Rh3 Bxd2 17. Qxd2 Nc4 18. Qc2 Nxb2 19. Qxb2 Qb6 20. Rd1 Ra4 21. Rhd3 Rfa8 22. a3 h5 23. g3 R8a5 24. Rb3 Rxd4 25. Bd3 Qc7 26. Rxb7 Qxe5 27. Rb8+ Kh7 28. Bxf5+ exf5 29. Rxd4 Rc5 30. Kg2 f4 31. Rxf4 d4 32. Rb3 g5 33.
Rxf7+ Kg6 34. Rbb7 Qe4+ 35. Kg1 Qe1+ 36. Kg2 Qe4+ 37. Rf3 g4 38. Qb6+ Rc6 39. Qxc6+ Qxc6 40. Rb3 gxf3+ 41. Rxf3 d3 0-1

[Event "Early-Titled-Tuesday-Blitz-May-07-2024"]
[Site "Chess.com"]
[Date "2024.05.07"]
[Round "8"]
[White "kuchma777"]
[Black "Alphafischer2019"]
[Result "0-1"]
[WhiteElo "2507"]
[BlackElo "2659"]
[TimeControl "180+1"]
[EndTime "9:34:24 PDT"]
[Termination "Alphafischer2019 won on time"]

1. e4 c5 2. Nf3 Nc6 3. Bb5 g6 4.
O-O Bg7 5. Re1 Nf6 6. e5 Nd5 7. Nc3 Nc7 8. Bxc6 dxc6 9. Ne4 b6 10. Nf6+ Kf8 11. Ne4 h6 12. h3 Kg8 13. d3 Kh7 14.
Bf4 Nd5 15. Bg3 a5 16. Qd2 a4 17. a3 Be6 18. Rad1 Qd7 19. d4 cxd4 20. Nxd4 Rhd8 21. Qe2 c5 22. Nb5 Qc6 23. c4 Nc7 24. Nxc7 Qxc7 25.
Nc3 Qc6 26. h4 Rd4 27. h5 Bxc4 28. hxg6+ Qxg6 29. Qf3 Rad8 30. Rxd4 Rxd4 31. Qb7 b5 32. Nxb5 Rg4 33. Nc3 h5 34. Re4 h4 35. Rxg4 Qxg4 36.
Bh2 h3 37. Qe4+ Qxe4 38. Nxe4 hxg2 39. Nxc5 Bb5 40. Kxg2 Kg6 41. f4 Kf5 42. Kf3 f6 43. exf6 Bxf6 44. b3 Bd4 45. b4 Bc6+ 46. Ke2 Bb5+ 47.
Kd2 Bb2 48. Kc2 Bxa3 49. Kc3 Bc1 50. Bg3 a3 51. Kb3 Bc6 52. Nd3 Bd5+ 53. Kc2 a2 54.
Be1 a1=Q 0-1

[Event "Early-Titled-Tuesday-Blitz-May-07-2024"]
[Site "Chess.com"]
[Date "2024.05.07"]
[Round "8"]
[White "rikchessmx"]
[Black "kylnmd"]
[Result "1-0"]
[WhiteElo "2391"]
[BlackElo "2248"]
[TimeControl "180+1"]
[EndTime "9:34:25 PDT"]
[Termination "rikchessmx won by resignation"]

1. e4 c5 2. Nf3 e6 3. d4 cxd4 4. Nxd4 a6 5. Nc3 Qc7 6. Bd3 Nf6 7. Qf3 d6 8. Be3 Nbd7 9. Qg3 b5 10. a3 Bb7 11. O-O Rc8 12. Rac1 d5 13. Qxc7 Rxc7 14. exd5 Nxd5 15. Nxd5 Bxd5 16. Rfe1 Be7 17. Bf4 Rc8 18. a4 Bf6 19. Nf5 O-O 20. Nd6 Rcd8 21. axb5 axb5 22.
Nxb5 Bxb2 23. Rb1 Bf6 24. Bd6 Ba2 25. Rbd1 Nb6 26. Bxf8 Rxf8 27. Nd6 Bc3 28. Rf1 f5 29. Nb5 Bf6 30. Rfe1 Rc8 31. h3 g6 32. g4 Rc5 33.
Re2 Kf7 34. c4 Bxc4 35. Nd6+ Ke7 36. Nxc4 Nxc4 37. Rc1 Ne5 38. Rxc5 Nxd3 39. Rc7+ Kd6 40. Rxh7 e5 41. gxf5 gxf5 42. Rh6 Ke7 43. Ra2 Nf4 44. Ra7+ 1-0

[Event "Early-Titled-Tuesday-Blitz-May-07-2024"]
[Site "Chess.com"]
[Date "2024.05.07"]
[Round "8"]
[White "DanielNaroditsky"]
[Black "francyIM"]
[Result "1-0"]
[WhiteElo "3061"]
[BlackElo "2795"]
[TimeControl "180+1"]
[EndTime "9:34:26 PDT"]
[Termination "DanielNaroditsky won by checkmate"]

1. e4 c5 2. c3 Nf6 3. e5 Nd5 4. Nf3 d6 5. Bb5+ Bd7 6. Bc4 Bc6 7.
O-O e6 8. d4 cxd4 9. cxd4 Nd7 10.
Qe2 Rc8 11. Nbd2 Qc7 12. Ne4 dxe5 13. Bd2 Be7 14. Rac1 O-O 15. Rfe1 exd4 16. Nxd4 Qb6 17. Nb3 N7f6 18. Ba5 Nf4 19. Nxf6+ Bxf6 20. Qg4 Nxg2 21. Bxb6 Nxe1 22. Rxe1 axb6 23. Nd4 Bd7 24. Nf3 Rc5 25. Bd3 Bc6 26. Be4 h5 27. Qf4 Rd8 28. b4 Rc3 29.
Bxc6 bxc6 30. Ne5 Rd5 31. a4 c5 32. bxc5 bxc5 33. a5 Ra3 34. Nc4 Ra4 35. Qb8+ Kh7 36. Qb1+ g6 37. Qc2 Rb4 38. a6 Rd7 39. Ne5 Rc7 40.
h3 Rb6 41. Qa4 Ra7 42. Nd7 Rbxa6 43. Nxf6+ Kg7 44. Qf4 e5 45. Ne8+ Kf8 46. Qxe5 Rc6 47. Qh8# 1-0

[Event "Early-Titled-Tuesday-Blitz-May-07-2024"]
[Site "Chess.com"]
[Date "2024.05.07"]
[Round "8"]
[White "akanga001"]
[Black "stepanosinovsky"]
[Result "0-1"]
[WhiteElo "2151"]
[BlackElo "2306"]
[TimeControl "180+1"]
[EndTime "9:34:26 PDT"]
[Termination "stepanosinovsky won on time"]

1. d4 Nf6 2. Nf3 g6 3. Bg5 Bg7 4. e3 O-O 5. Nbd2 d6 6. c3 Nbd7 7. Be2 e5 8. Qc2 b6 9. a4 a6 10. O-O Bb7 11. Rfe1 c5 12. dxe5 dxe5 13. Rad1 e4 14.
Bxf6 Nxf6 15. Ng5 Qe7 16. Nh3 Rfe8 17. Nc4 Nd5 18. Nf4 Nxf4 19. exf4 Qc7 20. Nd6 Re7 21. Nxb7 Qxb7 22. Bc4 Rae8 23. Bd5 Qc7 24. g3 e3 25. fxe3 Rxe3 26. Rxe3 Rxe3 27. Kf2 Re8 28. Qd3 Bf8 29. Qxa6 c4 30. Qxc4 Bc5+ 31. Kf3 Re3+ 32. Kg2 Qe7 33. Rd2 Re1 34. Qe4 Rxe4 35. Bxe4 Qxe4+ 0-1

[Event "Early-Titled-Tuesday-Blitz-May-07-2024"]
[Site "Chess.com"]
[Date "2024.05.07"]
[Round "8"]
[White "ChessSwole"]
[Black "FuenfgegenWilly"]
[Result "1-0"]
[WhiteElo "2632"]
[BlackElo "2455"]
[TimeControl "180+1"]
[EndTime "9:34:27 PDT"]
[Termination "ChessSwole won by resignation"]

1. Nf3 f5 2. d3 Nc6 3. e4 e5 4. Nc3 Nf6 5. d4 fxe4 6. Nxe5 d6 7. Nxc6 bxc6 8. d5 Be7 9. Bc4 c5 10. h3 O-O 11. O-O Rb8 12. Re1 Bf5 13. b3 Nd7 14. Nxe4 Ne5 15. Bf1 Bh4 16. Ng3 Qf6 17. Bf4 Rbe8 18. Qd2 Ng6 19. Be3 Bd7 20. Bd3 Ne5 21.
Be4 Bxg3 22. fxg3 Nc4 23. bxc4 Rxe4 24. Rf1 Qe7 25. Rxf8+ Qxf8 26. Rf1 Qe7 27. Bg5 Qe5 28. Qf2 Qd4 29. Bd8 Re2 30. Qxd4 cxd4 31. Bxc7 Rxc2 32.
Bxd6 g6 33. c5 Bb5 34. Rd1 d3 35. c6 Bc4 36. c7 Bxd5 37. Rxd3 Bb7 38. Rb3 Ba6 39.
Ra3 Bb7 40. Rxa7 Bc8 41. Ra8 Kf7 42. Rxc8 Ke6 43. Rd8 1-0

[Event "Early-Titled-Tuesday-Blitz-May-07-2024"]
[Site "Chess.com"]
[Date "2024.05.07"]
[Round "8"]
[White "Yaacovn"]
[Black "Bykov_Egor"]
[Result "1-0"]
[WhiteElo "2853"]
[BlackElo "2634"]
[TimeControl "180+1"]
[EndTime "9:34:28 PDT"]
[Termination "Yaacovn won by resignation"]

1. d4 Nf6 2. e3 g6 3. Nf3 Bg7 4. Be2 d6 5. O-O O-O 6. b3 b6 7. Bb2 c5 8. c4 cxd4 9. Nxd4 Bb7 10.
Bf3 Qc8 11. Nc3 Nbd7 12. Rc1 Ne5 13. Be2 Rd8 14. Nd5 Qd7 15. Bf3 e6 16. Nxf6+ Bxf6 17. Bxb7 Qxb7 18. Qe2 a6 19. Rc2 Bg7 20. Rd1 Rac8 21.
h3 Qe4 22. Rcd2 Rd7 23. Qf1 Rcd8 24. Ne2 Qc6 25. Nd4 Qe4 26. Ba1 d5 27. cxd5 Rxd5 28.
Qxa6 h5 29. Qxb6 Ra8 30. a4 Nd7 31. Qc7 Rg5 32. Qh2 Be5 33. Qh1 Nb6 34. g3 Qxh1+ 35. Kxh1 Nd5 36. e4 Nf6 37. Nf3 Bxa1 38. Nxg5 Bc3 39.
Rc2 Bb4 40. Kg2 Rb8 41. Rdc1 Kg7 42. Rc7 1-0

[Event "Early-Titled-Tuesday-Blitz-May-07-2024"]
[Site "Chess.com"]
[Date "2024.05.07"]
[Round "8"]
[White "ilqar_74"]
[Black "jinbojinbo"]
[Result "1-0"]
[WhiteElo "2826"]
[BlackElo "2643"]
[TimeControl "180+1"]
[EndTime "9:34:28 PDT"]
[Termination "ilqar_74 won by resignation"]

1. e4 e5 2. Nf3 Nc6 3. Bb5 a6 4. Ba4 Nf6 5. O-O b5 6. Bb3 Bb7 7. d4 Nxd4 8. Nxd4 exd4 9. e5 Ne4 10. Qf3 Qe7 11. Nd2 Nc5 12. Qf4 Nxb3 13. axb3 c5 14. Ne4 Qe6 15. Re1 Be7 16. Bd2 O-O 17. Ng3 Qg6 18. f3 Rfe8 19. Nf5 Bf8 20. h4 Bd5 21.
g4 Qc6 22. Kf2 c4 23. Nxd4 Qb7 24. b4 Rad8 25. Nf5 Qc6 26. c3 Be6 27. Nd4 Qb7 28. h5 d6 29. h6 dxe5 30. Qxe5 Bxg4 31. Qg3 Rxe1 32. Rxe1 Bh5 33. hxg7 Bd6 34. Qg5 Bg6 35.
Qxd8+ Kxg7 36. Qxd6 1-0

[Event "Early-Titled-Tuesday-Blitz-May-07-2024"]
[Site "Chess.com"]
[Date "2024.05.07"]
[Round "8"]
[White "Eloist"]
[Black "MateusViageiro"]
[Result "0-1"]
[WhiteElo "2381"]
[BlackElo "2223"]
[TimeControl "180+1"]
[EndTime "9:34:28 PDT"]
[Termination "MateusViageiro won on time"]

1. e4 c5 2. Nf3 d6 3. Bb5+ Bd7 4.
Bxd7+ Qxd7 5. c4 Nc6 6. d4 cxd4 7. Nxd4 g6 8. Nc3 Bg7 9. Be3 Nf6 10. f3 O-O 11.
O-O Rfd8 12. Qd2 Ne5 13. b3 a6 14. h3 Rac8 15. f4 Nc6 16. Rad1 Nxd4 17. Bxd4 b5 18. Bxf6 Bxf6 19. Nd5 bxc4 20. Nb6 Qa7 21. Qf2 Rc6 22. e5 Bh4 23. Qxh4 Qxb6+ 24. Qf2 cxb3 25. axb3 Qxb3 26. f5 Qb6 27. Qxb6 Rxb6 28. f6 exf6 29. Rxf6 Kg7 30. Rfxd6 Rdxd6 31. exd6 Rb8 32. Ra1 Rb6 33. Rd1 Rb8 34. Ra1 Ra8 35. d7 Rd8 36. Rxa6 Rxd7 37. Kf2 h5 38. h4 Rd2+ 39. Kf3 Rd4 40. g3 Rc4 41. Rb6 Ra4 42. Rc6 Ra8 43. Rd6 Re8 44.
Rc6 Re6 45. Rc7 Rf6+ 46. Kg2 Rf5 47. Rb7 Re5 48. Rd7 Kf6 49. Ra7 Ke6 50. Rb7 f6 51.
Rg7 Kf5 52. Rg8 Re2+ 53. Kf3 Ra2 54. Rb8 Ra3+ 55. Kf2 g5 56. Rb5+ Kg4 57. Rb4+ Kh3 58. hxg5 fxg5 59. g4 hxg4 60. Rb1 Kh2 0-1

[Event "Early-Titled-Tuesday-Blitz-May-07-2024"]
[Site "Chess.com"]
[Date "2024.05.07"]
[Round "8"]
[White "Shivananda1964"]
[Black "Fh2411"]
[Result "0-1"]
[WhiteElo "2402"]
[BlackElo "2538"]
[TimeControl "180+1"]
[EndTime "9:34:29 PDT"]
[Termination "Fh2411 won by resignation"]

1. Nf3 d5 2. e3 c6 3. c4 Nf6 4. b3 Bf5 5. Bb2 e6 6. Be2 Nbd7 7. O-O Be7 8. d3 O-O 9. Nc3 h6 10. Rc1 Re8 11. Re1 Bh7 12. g3 a5 13. a3 Bd6 14.
Bf1 Qe7 15. Ra1 Red8 16. Bg2 Nc5 17. Bf1 dxc4 18. bxc4 e5 19. d4 Bc7 20. Na4 Nce4 21. Qb3 Ng4 22. Re2 Rab8 23. c5 Qf6 24. Bg2 Nexf2 25.
dxe5 Qf5 26. Rxf2 Nxf2 27. Kxf2 Rd2+ 28. Kg1 Rxg2+ 29. Kxg2 Qg4 30. h3 Qh5 31. g4 Qg6 32. Rf1 Qe4 33. Nc3 Qxe3 34. Ne1 Be4+ 35. Nf3 Bxe5 36. Nxe4 Qxb3 37. Nxe5 Qxb2+ 38. Rf2 Qxe5 39. Nd6 Qxc5 0-1

[Event "Early-Titled-Tuesday-Blitz-May-07-2024"]
[Site "Chess.com"]
[Date "2024.05.07"]
[Round "8"]
[White "MatthewG-p4p"]
[Black "Meri-Arabidze"]
[Result "1-0"]
[WhiteElo "2882"]
[BlackElo "2708"]
[TimeControl "180+1"]
[EndTime "9:34:30 PDT"]
[Termination "MatthewG-p4p won by checkmate"]

1. e4 c5 2. c3 Nf6 3. e5 Nd5 4. Nf3 e6 5. Bc4 Nb6 6. Bb3 Nc6 7. d4 cxd4 8. cxd4 Be7 9. O-O O-O 10. Nc3 d6 11.
exd6 Bxd6 12. Re1 Nb4 13. a3 N4d5 14. Qd3 Bd7 15. Ng5 g6 16. h4 Be7 17. Nce4 h5 18. Nc5 Bxg5 19. Bxg5 Qc7 20. Rac1 Bc6 21.
a4 Nb4 22. Qd2 N6d5 23. Bh6 Rfe8 24. Re5 Qe7 25. Bg5 Qc7 26. Ne4 Kg7 27. Bh6+ Kg8 28.
Re1 Rad8 29. Rxh5 Ne7 30. Nf6+ Kh8 31. Bf8+ gxh5 32. Qh6# 1-0

[Event "Early-Titled-Tuesday-Blitz-May-07-2024"]
[Site "Chess.com"]
[Date "2024.05.07"]
[Round "8"]
[White "MFatigue"]
[Black "Anton_Demchenko"]
[Result "0-1"]
[WhiteElo "2520"]
[BlackElo "2913"]
[TimeControl "180+1"]
[EndTime "9:34:30 PDT"]
[Termination "Anton_Demchenko won by resignation"]

1. e4 c5 2. a3 g6 3. h4 Nf6 4. Nc3 Nc6 5. Bc4 Bg7 6. d3 e6 7. Ba2 d6 8. Nge2 Rb8 9. Ng3 h5 10. Bg5 b5 11. Qd2 Qc7 12. Nce2 Nh7 13. Rb1 Nxg5 14. hxg5 b4 15. axb4 Nxb4 16. Bb3 Ba6 17. Ba4+ Ke7 18. f4 Qa5 19. Bb3 Nxd3+ 20. cxd3 Qxd2+ 21. Kxd2 Rxb3 22. Nc1 Rxb2+ 23. Rxb2 Bxb2 24. Nge2 Rb8 25. Rd1 Bg7 26. Ke3 Rb2 27. Rd2 Rxd2 28. Kxd2 Bb7 29. g3 c4 30. Na2 cxd3 31. Kxd3 a5 32.
Nec3 Kd7 33. Na4 Kc6 34. N2c3 Ba6+ 35. Kc2 Bd4 36. Nd1 Be2 37. Nab2 Bxd1+ 38. Nxd1 Kb5 39. Kd3 e5 40. f5 a4 41. Kc2 Kb4 42. f6 a3 43. g4 hxg4 44. Ne3 Bxe3 0-1

[Event "Early-Titled-Tuesday-Blitz-May-07-2024"]
[Site "Chess.com"]
[Date "2024.05.07"]
[Round "8"]
[White "KorolDimitriy75"]
[Black "WilsonPalencia21"]
[Result "0-1"]
[WhiteElo "2369"]
[BlackElo "2530"]
[TimeControl "180+1"]
[EndTime "9:34:30 PDT"]
[Termination "WilsonPalencia21 won on time"]

1. d4 Nf6 2. c4 c5 3. d5 e6 4. Nc3 exd5 5. cxd5 d6 6. Nf3 g6 7. Nd2 a6 8. a4 Nbd7 9. Nc4 Nb6 10. e4 Bg7 11. Na3 O-O 12. Bd3 Nh5 13. O-O Re8 14. Re1 Qh4 15. a5 Nd7 16. Nc4 Ne5 17. g3 Qd8 18. Nxe5 Bxe5 19. f4 Bd4+ 20.
Be3 Bxe3+ 21. Rxe3 b5 22. axb6 Qxb6 23. Qd2 Nf6 24.
Kg2 Bb7 25. Bc4 Nd7 26. Rae1 f6 27. b3 Re7 28. e5 fxe5 29. fxe5 Rxe5 30. Ne4 Rae8 31.
Ng5 Qd8 32. Ne6 Qf6 33. Rxe5 Nxe5 34. Rf1 Qxe6 0-1